[Event "Cabo Verde Open 2022"]
[Site "Mindelo-S. Vicente"]
[Date "2022.04.24"]
[Round "3.6"]
[White "Caxita, Esperanca"]
[Black "Junior, Ednasia"]
[Result "1-0"]
[ECO "B40"]
[WhiteElo "1910"]
[BlackElo "1898"]
[Annotator "TA"]
[PlyCount "99"]
[EventDate "2022.04.22"]
[EventType "swiss"]
[SourceTitle "playchess.com"]
[Source "ChessBase"]
[SourceQuality "1"]
[TimeControl "40/5400+30:1800+30"]

1. e4 c5 2. Nc3 e6 3. Nf3 a6 4. Be2 Nc6 5. O-O Qc7 6. d3 {[%emt 0:00:42] B40: Sicilian: 2...e6, Unusual lines.} Nf6 7. Be3 Ng4 {[%emt 0:03:53] [#]} 8. Qd2 $146 {[%emt 0:02:16] The position is equal.} (8. Bd2 {with more complications.} Be7 9. Re1 O-O 10. h3) ({Predecessor:} 8. Bg5 Nd4 9. Re1 Nxf3+ 10. Bxf3 Qxh2+ 11. Kf1 Ne5 12. Qe2 Qh1# {0-1 (12) Cunha,O-Antunes,P (1356) Coimbra 2016}) 8... Nxe3 9. fxe3 Bd6 10. Qe1 Be7 11. Kh1 O-O 12. d4 b5 13. Rd1 Bb7 14. d5 Na7 15. Qd2 {[%emt 0:07:39] aiming for d6.} d6 16. Ng1 (16. a4 $15 {is more appropriate.}) 16... b4 17. Nb1 exd5 (17... Rae8 $17 18. Bc4 exd5 19. Bxd5 Nc6) 18. exd5 $15 Bg5 19. Qd3 Rfe8 20. e4 Qe7 21. Qf3 (21. Nd2 $1 $15) 21... Bf6 $1 $17 22. Nd2 Bxb2 23. Nc4 Bf6 24. Bd3 Rf8 ({Better is} 24... Nb5 $17 25. Ne2 Rad8) 25. Ne2 Nb5 26. Ng3 {[%emt 0:01:34] [#]} Nd4 $1 27. Qf2 (27. Qf4 $142) 27... Be5 28. Qe3 Rae8 29. Rd2 f5 30. Nxf5 Nxf5 31. exf5 Bxd5 32. Qh3 Rf6 {[%emt 0:00:43] Threatens to win with ...Rh6.} 33. Ne3 {[%emt 0:02:44] [#]} Bb7 {[%emt 0:01:58] This bishop pair is nice.} (33... Bxa2 34. Ng4 $17) (33... Rh6 $1 $19 34. Qxh6 (34. Nxd5 $2 Qg5 $19) 34... gxh6 35. Nxd5 Qh4) 34. Ng4 $1 $15 Rff8 35. Re2 ({Avoid the trap} 35. f6 $2 gxf6 36. Ne3 (36. Nxe5 $2 fxe5 37. Rdf2 Rxf2 $19) 36... Kh8 $19) (35. Nxe5 $15 Qxe5 36. f6) 35... Qg5 (35... Kh8 $17 36. Qh5 g6) 36. f6 $1 $11 h5 (36... h6 $11 {keeps the balance.}) 37. Nxe5 $16 {[%emt 0:01:31] White wants to mate with f7+.} Rxe5 (37... dxe5 $2 38. f7+ (38. Qd7 Rb8 $16) 38... Rxf7 39. Bc4 $18) (37... Rxf6 $16 {keeps fighting.} 38. Nf3 Rxe2 39. Bxe2 (39. Nxg5 $2 Rxf1#) 39... Qg4) 38. Rxe5 $18 Qxe5 (38... dxe5 $2 39. Qe6+ Kh8 40. fxg7+ Qxg7 41. Rxf8+ Qxf8 42. Qxe5+ Kg8 43. Bc4+ Kh7 44. Qc7+ Qg7 45. Bd3+ Kh6 46. Qf4+ Qg5 47. Qd6+ Kg7 48. Qc7+ Kf8 49. Qb8+ Ke7 50. Qxb7+ $18) 39. Qd7 $40 {[%emt 0:00:32][%csl Gf6][%cal Rd7g7][%mdl 128] White wants a kill.} Bxg2+ 40. Kxg2 {[%emt 0:00:00][%csl Gf6][%cal Rd7g7] Dancing on a razor blade.} Qg5+ (40... Rxf6 {is a better chance.} 41. Rxf6 Qg5+ 42. Kh3 gxf6) 41. Kh3 {[%emt 0:04:06][%cal Of1f4] Strongly threatening Rf4!} Qe3+ 42. Kh4 Qd4+ 43. Kxh5 Qe5+ 44. Kg4 {[%emt 0:00:54][%csl Gf6][%cal Rd7g7] White mates.} Qd4+ 45. Rf4 Qg1+ 46. Kh3 Qe3+ 47. Kg2 Qd2+ 48. Rf2 Qg5+ 49. Kf1 Rb8 50. f7+ {[%emt 0:01:30] Weighted Error Value: White=0.13 (very precise) /Black=0.53} 1-0

[Event "Cabo Verde Open 2022"]
[Site "Mindelo-S. Vicente"]
[Date "2022.04.24"]
[Round "3.7"]
[White "Lesbros, Bernard"]
[Black "Vera-Cruz, Rui Manuel Nobre de "]
[Result "1-0"]
[ECO "D11"]
[WhiteElo "1865"]
[BlackElo "1526"]
[Annotator "NA RC COMBH"]
[PlyCount "61"]
[EventDate "2022.04.22"]
[EventType "swiss"]
[SourceTitle "playchess.com"]
[Source "ChessBase"]
[SourceQuality "1"]
[TimeControl "40/5400+30:1800+30"]

1. Nf3 d5 2. c4 c6 3. d4 Nd7 4. cxd5 cxd5 5. Nc3 Nb6 6. Bg5 g6 7. e3 Bg7 8. a4 a6 9. a5 Nc4 10. Bxc4 dxc4 11. Qa4+ Qd7 12. Qxc4 Nf6 13. Ne5 Qe6 14. Qa4+ Nd7 15. Nd3 O-O 16. Nf4 Qg4 17. Bxe7 Re8 18. h3 Qxf4 19. exf4 Rxe7+ 20. Kd2 Nf8 21. Rhe1 Be6 22. Rad1 Rd8 23. Kc1 Rc7 24. Qb4 Nd7 25. d5 Bxh3 26. gxh3 Nc5 27. d6 Rc6 28. Kb1 Bf8 29. Ne4 Nd7 30. Qxb7 Nb8 31. Ng5 1-0

[Event "Cabo Verde Open 2022"]
[Site "Mindelo-S. Vicente"]
[Date "2022.04.24"]
[Round "3.8"]
[White "Soares, Carlos Manuel Santos"]
[Black "Rodriguez Guevara, Celia M."]
[Result "0-1"]
[ECO "B01"]
[WhiteElo "1489"]
[BlackElo "1849"]
[Annotator "NA RC COMBH"]
[PlyCount "88"]
[EventDate "2022.04.22"]
[EventType "swiss"]
[SourceTitle "playchess.com"]
[Source "ChessBase"]
[SourceQuality "1"]
[TimeControl "40/5400+30:1800+30"]

1. e4 d5 2. exd5 Qxd5 3. d4 Nf6 4. Nc3 Qa5 5. Nf3 Bf5 6. Bc4 e6 7. O-O c6 8. Re1 Be7 9. Bg5 O-O 10. Qd2 Qd8 11. Rad1 Nbd7 12. h3 Nb6 13. Bb3 Re8 (13... h6 $11 {should be considered.} 14. Bxf6 Bxf6) 14. Nh4 Bg6 15. Nxg6 hxg6 16. a3 Nbd5 17. Qd3 Nxc3 18. bxc3 (18. Qxc3 $11 a5 19. Bc1) 18... Bxa3 19. Qf3 {[%emt 0:08:19] [#]} Be7 (19... a5 $1 $17) 20. c4 Qa5 ({Black should play} 20... a5 $15) 21. Re5 (21. c5 $11) 21... Qc7 22. c5 $2 (22. Ree1 $15) 22... Nd7 23. Ree1 $2 (23. Bf4 Nxe5 24. Bxe5) 23... Bxg5 24. c3 Qf4 25. Qd3 Qf5 26. Qe2 b5 27. cxb6 Nxb6 ({Wrong is} 27... axb6 $2 28. Bc2 Qf4 29. Be4) 28. Bc2 Qa5 29. c4 Qc3 30. c5 Nd5 31. Rd3 Qb2 32. Rb1 {[%emt 0:02:35] [#]} Nc3 $1 33. Rxb2 $19 Nxe2+ 34. Kf1 Nf4 35. Rg3 Bf6 36. Be4 Bxd4 37. Rc2 Nd5 38. Rc4 Bf6 39. Rb3 Reb8 40. Ra3 a5 41. Rc2 Rb1+ 42. Ke2 Rb2 43. Rxb2 Bxb2 44. Ra2 Nc3+ 0-1

[Event "Cabo Verde Open 2022"]
[Site "Mindelo-S. Vicente"]
[Date "2022.04.24"]
[Round "4.1"]
[White "Galego, Luis"]
[Black "Strikovic, Aleksa"]
[Result "1/2-1/2"]
[ECO "C92"]
[WhiteElo "2474"]
[BlackElo "2489"]
[Annotator "TA"]
[PlyCount "27"]
[EventDate "2022.04.22"]
[EventType "swiss"]
[SourceTitle "playchess.com"]
[Source "ChessBase"]
[SourceQuality "1"]
[TimeControl "40/5400+30:1800+30"]

1. e4 e5 2. Nf3 Nc6 3. Bb5 a6 4. Ba4 Nf6 5. O-O Be7 6. Re1 b5 7. Bb3 O-O 8. c3 d6 9. h3 Re8 10. d4 Bb7 {[%emt 0:00:18] [#]} 11. Ng5 $146 ({Predecessor:} 11. Nbd2 Bf8 12. a4 exd4 13. cxd4 Na5 14. Bc2 b4 15. b3 g6 16. Bb2 d5 17. e5 Nh5 18. Nf1 Rc8 19. Ne3 c5 20. dxc5 Rxc5 {1-0 (65) Giri,A (2772)-Le,Q (2709) chess24.com INT 2022}) 11... Rf8 12. Nf3 Re8 13. Ng5 {[%emt 0:00:06] Recently 13.Bc2 got a lot of attention.} Rf8 14. Nf3 1/2-1/2

[Event "Cabo Verde Open 2022"]
[Site "Mindelo-S. Vicente"]
[Date "2022.04.25"]
[Round "4.2"]
[White "Del Rio De Angelis, Salvador G."]
[Black "Fernandes, Antonio"]
[Result "1/2-1/2"]
[ECO "E60"]
[WhiteElo "2452"]
[BlackElo "2313"]
[Annotator "TA"]
[PlyCount "50"]
[EventDate "2022.04.22"]
[EventType "swiss"]
[SourceTitle "playchess.com"]
[Source "ChessBase"]
[SourceQuality "1"]
[TimeControl "40/5400+30:1800+30"]

1. d4 Nf6 2. c4 g6 3. d5 Bg7 4. Nc3 d6 5. Nf3 O-O 6. g3 {[%emt 0:00:16] E60: King's Indian: Unusual lines and Fianchetto Variation without Nc3.} Na6 7. Bg2 Nc5 8. Nd4 {[%emt 0:02:23] The position is equal.} a5 (8... e6 {keeps more tension.} 9. b4 Ng4 10. O-O exd5 11. cxd5 Nd7) 9. O-O e5 10. dxe6 {[%emt 0:00:37] [#]} Bxe6 $146 ({Predecessor:} 10... fxe6 11. Bg5 c6 12. Nb3 Nxb3 13. axb3 d5 14. e4 h6 15. Bxf6 Qxf6 16. exd5 exd5 17. cxd5 cxd5 18. Nxd5 {1-0 (52) Arkell,K (2506)-Mordue,A (2298) Paington 2008}) 11. Nxe6 fxe6 12. Be3 Rb8 13. Bxc5 (13. Qc2 {looks sharper.} Qe7 14. Rad1 Ng4 15. Bxc5 dxc5 16. h3) 13... dxc5 14. Qxd8 Rfxd8 15. Rad1 Nd7 16. Ne4 b6 (16... Bxb2 $2 17. Rd2 $18) 17. b3 Nf8 18. e3 Kf7 19. f4 Ke7 20. Kf2 Rxd1 21. Rxd1 a4 22. Nd2 axb3 23. axb3 b5 (23... Bc3 $11) 24. cxb5 $16 Rxb5 25. Bc6 Rb8 {[%emt 0:00:30] Weighted Error Value: White=0.06 (flawless) /Black=0.10 (very precise)} 1/2-1/2

[Event "Cabo Verde Open 2022"]
[Site "Mindelo-S. Vicente"]
[Date "2022.04.24"]
[Round "4.3"]
[White "Ortega Amarelle, Mariano"]
[Black "Caxita, Esperanca"]
[Result "1-0"]
[ECO "D45"]
[WhiteElo "2476"]
[BlackElo "1910"]
[Annotator "TA"]
[PlyCount "53"]
[EventDate "2022.04.22"]
[EventType "swiss"]
[SourceTitle "playchess.com"]
[Source "ChessBase"]
[SourceQuality "1"]
[TimeControl "40/5400+30:1800+30"]

1. d4 d5 2. c4 c6 3. Nc3 Nf6 4. Nf3 e6 5. e3 Bd6 6. Bd3 dxc4 7. Bxc4 b5 {[%emt 0:00:20] D45: Semi-Slav: 5 e3.} 8. Bd3 Bb7 (8... Nbd7 $11) 9. e4 $1 $14 {[%emt 0:03:28][%cal Be3e4,Be4e5][%mdl 32] e5 is the strong threat.} Be7 {[%emt 0:05:59] White is better.} 10. O-O Nbd7 11. e5 Nd5 12. Nxd5 exd5 (12... cxd5 $16 13. Bxb5 O-O) 13. Qc2 ({White should try} 13. e6 $18 fxe6 14. Qe2) 13... Nf8 $16 {[%emt 0:04:06] [#]} 14. a4 $146 ({Predecessor:} 14. Re1 Qb6 15. a4 Bb4 16. Re2 bxa4 17. Qxa4 Bc8 18. Bd2 Bxd2 19. Nxd2 Ne6 20. Nb3 {1-0 (49) Riccardi,M (1872)-Fassio,F (1623) Torino 2012}) 14... a6 15. Nd2 {[%emt 0:09:38] &Bianco is more active.} Ne6 {[%emt 0:04:36] [#]} 16. Nb3 Rc8 (16... bxa4 $16 {was called for.} 17. Rxa4 Qb6) 17. f4 $18 {[%emt 0:03:19][%cal Bf2f4,Bf4f5][%mdl 32] Hoping for f5.} ({Less strong is} 17. Bxh7 bxa4 18. Rxa4 c5 $14) 17... c5 $2 (17... bxa4 18. Rxa4 c5) 18. f5 cxd4 19. Qe2 {[%emt 0:05:38] White is clearly winning.} Nc5 20. Nxc5 Bxc5 21. axb5 axb5 22. Qg4 Qe7 23. Qxg7 Qf8 24. Qf6 Bc6 25. Bh6 Be7 {[%emt 0:02:59] [#]} 26. Qxc6+ $1 Rxc6 27. Bxf8 {[%emt 0:00:10] Weighted Error Value: White=0.06 (flawless) /Black=0.59} 1-0

[Event "Cabo Verde Open 2022"]
[Site "Mindelo-S. Vicente"]
[Date "2022.04.25"]
[Round "4.4"]
[White "L`Ami, Alina"]
[Black "Babo, Miguel"]
[Result "1-0"]
[ECO "E30"]
[WhiteElo "2287"]
[BlackElo "1789"]
[Annotator "TA"]
[PlyCount "87"]
[EventDate "2022.04.22"]
[EventType "swiss"]
[SourceTitle "playchess.com"]
[Source "ChessBase"]
[SourceQuality "1"]
[TimeControl "40/5400+30:1800+30"]

1. d4 Nc6 2. Nf3 e6 3. Bg5 Nf6 4. c4 Bb4+ 5. Nc3 Bxc3+ 6. bxc3 {[%emt 0:00:01] E30: Nimzo-Indian: Leningrad Variation.} O-O 7. Qc2 d5 8. e3 {[%emt 0:00:22] White is slightly better.} h6 9. Bh4 b6 10. cxd5 exd5 11. Bd3 {[%emt 0:00:35] [#]} Re8 $146 ({Predecessor:} 11... Bb7 12. Ne5 Qd6 13. Bg3 Qe6 14. Bf5 Qe8 15. O-O Nxe5 16. Bxe5 Qd8 17. Bd3 Ne4 {1-0 (49) Kapp,F (1748)-Liem Thanh,G (1250) Berlin 2008}) 12. Nd2 Qd6 13. O-O Bb7 14. Rfe1 Na5 15. f3 c5 16. Bg3 Qf8 17. e4 (17. Rad1 $14) 17... c4 (17... cxd4 $11 18. cxd4 Qb4) 18. Bf1 $14 Rac8 19. Bh4 {[%emt 0:05:35] aiming for Bxf6.} Nd7 {[%emt 0:02:02] [#]} (19... Nh5 $14) 20. e5 $1 $16 g5 {[%emt 0:02:53] [#]} (20... Nc6 $16) 21. Bf2 (21. Bg3 $1 $18 {has better winning chances.}) 21... Qg7 22. g3 Nf8 ({Better is} 22... f6) 23. Bh3 Ne6 (23... Rcd8 $142) 24. Nf1 Nc6 25. Ne3 Ne7 26. Ng4 Kh8 27. a4 Rc7 (27... Qh7 $2 28. Qxh7+ Kxh7 29. Nf6+ Kg6 30. Nxe8 Rxe8 31. Be3) (27... Ng8 $16 28. Ne3 Ne7) 28. Be3 Rd8 29. Kh1 (29. Bc1 $18) 29... Ng8 30. Bc1 Bc8 31. Bg2 {[%emt 0:06:08] &Bianco is more active.} Re7 (31... f5 $16) 32. Ba3 $18 Ree8 33. Ne3 Nf8 34. f4 gxf4 35. gxf4 (35. Nxd5 fxg3 36. Nc7 Re7 $18) 35... f6 36. Rg1 ({Stronger than} 36. Bxd5 Rxd5 37. Nxd5 Bb7 $15) ({Don't take} 36. Nxd5 Ng6 37. Nc7 Nxf4 $18) 36... Qh7 37. Qxh7+ {[%emt 0:02:49] White is clearly winning.} Nxh7 38. Nxd5 Bb7 (38... Rd7 $142 39. Ne3 fxe5 40. fxe5 Rc7) 39. Ne3 Bxg2+ 40. Rxg2 fxe5 41. fxe5 Ng5 42. Nxc4 Ne4 43. Nd6 Nxd6 44. Bxd6 {[%emt 0:00:14] Weighted Error Value: White=0.14 (very precise) /Black=0.30} 1-0

[Event "Cabo Verde Open 2022"]
[Site "Mindelo-S. Vicente"]
[Date "2022.04.24"]
[Round "4.5"]
[White "Maisuradze, Nino"]
[Black "Fernandes, Luis De Pina"]
[Result "1-0"]
[ECO "E67"]
[WhiteElo "2202"]
[BlackElo "1639"]
[Annotator "TA"]
[PlyCount "71"]
[EventDate "2022.04.22"]
[EventType "swiss"]
[SourceTitle "playchess.com"]
[Source "ChessBase"]
[SourceQuality "1"]
[TimeControl "40/5400+30:1800+30"]

1. d4 Nf6 2. Nf3 g6 3. c4 Bg7 4. g3 d6 5. Bg2 Nbd7 6. Nc3 O-O 7. O-O Rb8 8. Qc2 {[%emt 0:01:49] E67: King's Indian: Fianchetto: 6...Nbd7.} e5 9. Rd1 exd4 10. Nxd4 {[%emt 0:00:04] [#] White is slightly better.} Qe7 $146 ({Predecessor:} 10... a6 11. e4 Re8 12. h3 Ne5 13. b3 Nc6 14. Nxc6 bxc6 15. Bf4 Qe7 16. Rac1 Nh5 17. Be3 f5 18. exf5 Bxf5 19. Qd2 Nxg3 20. Bg5 Qe5 21. fxg3 Qxg3 22. Qf4 Qxf4 23. Bxf4 {1-0 (23) Gorozhanin,M (2125)-Teterikov,A (2077) Kstovo 2010}) 11. Bg5 Nc5 {[%emt 0:01:55] [#]} (11... h6 $14 12. Be3 (12. Nd5 Qd8 $14) 12... Ng4) 12. Nd5 $1 $16 ({But not} 12. b4 $6 Ne6 13. Nxe6 (13. Nd5 Qd8 $14) 13... Bxe6 $14) 12... Qd8 13. Nb5 $36 {[%emt 0:02:18][%mdl 2048] White is on the roll.} ({Resist} 13. b4 $6 Ne6 14. Bxf6 Bxf6 15. Nxf6+ Qxf6 $14) 13... Ne6 14. Bxf6 {[%emt 0:00:36] 0x0.00299f40aea5dp-1022s more active pieces. The black rooks are badly placed.} Bxf6 15. Nxa7 Bg7 16. Nxc8 Rxc8 17. Rab1 c6 18. Nc3 Qe7 19. b4 Rfe8 ({Better is} 19... Ra8) 20. Qd3 Rcd8 (20... Ra8 $16) 21. e3 h5 22. h4 g5 23. hxg5 Qxg5 (23... Nxg5 $16 {keeps fighting.} 24. Rbc1 Bxc3 25. Rxc3 (25. Qxc3 f5 $16) 25... Qf6) 24. Ne4 $18 Qh6 25. Nxd6 Rxd6 $2 (25... Bf8) 26. Qxd6 {[%emt 0:00:13] White is clearly winning.} Rd8 27. Qe7 Rxd1+ 28. Rxd1 Bf6 29. Qe8+ Nf8 30. Rd7 Qh7 31. Rxb7 h4 32. gxh4 Bxh4 33. Rb8 {[%emt 0:12:32][%csl Gb8][%cal Re8f8] [#]} Qg7 34. Qxf8+ Qxf8 35. Rxf8+ Kxf8 36. Bxc6 {[%emt 0:00:07] Weighted Error Value: White=0.19 (very precise) /Black=0.43} 1-0

[Event "Cabo Verde Open 2022"]
[Site "Mindelo-S. Vicente"]
[Date "2022.04.25"]
[Round "4.6"]
[White "Varela La Madrid, Tilsia Carolina"]
[Black "Fortes, Aires"]
[Result "1-0"]
[ECO "C49"]
[WhiteElo "2097"]
[BlackElo "1540"]
[Annotator "TA"]
[PlyCount "67"]
[EventDate "2022.04.22"]
[EventType "swiss"]
[SourceTitle "playchess.com"]
[Source "ChessBase"]
[SourceQuality "1"]
[TimeControl "40/5400+30:1800+30"]

1. e4 e5 2. Nf3 Nc6 3. Nc3 Nf6 4. Bb5 Bb4 5. O-O O-O 6. Nd5 Nxd5 7. exd5 Nd4 8. Nxd4 exd4 9. c3 Bc5 10. b4 {[%emt 0:00:12] C49: Four Knights: 4 Bb5 Bb4.} Bb6 {[%emt 0:00:11] [#]} (10... Bd6 {is more complex.} 11. Bd3 Qg5 12. Qc2 f5) 11. d6 $146 ({Predecessor:} 11. Bd3 d6 12. Bb2 Qg5 13. c4 Bh3 14. Be4 Rae8 15. f4 Qh4 16. Bd3 Bg4 17. Qc2 Be2 {0-1 (51) Rupel,D (2134)-Bartron,P (2110) Redmond 2012}) 11... a5 (11... Qf6 {seems wilder.} 12. dxc7 Bxc7 13. Re1 d5) 12. Bb2 {[%emt 0:00:42] White has an edge.} c5 (12... axb4 $11 13. cxb4 (13. dxc7 Qg5 $11) 13... c6) 13. bxc5 ({Better is} 13. bxa5 $16 Rxa5 14. a4) 13... Bxc5 $14 14. Qg4 {[%emt 0:00:29] Inhibits Qg5.} Qb6 15. a4 Bxd6 16. cxd4 Rd8 $2 {[%emt 0:00:35] [#]} (16... Bb4 $14) 17. d5 $1 $18 Bf8 {[%emt 0:00:23] [#]} 18. Bd4 ({White should try} 18. Qh4 $1 $18 Re8 19. Rfe1) 18... Qd6 19. Qg5 $36 {[%emt 0:03:02][%mdl 2048] Black is under strong pressure. 0x0.001a398f4a34dp-1022s more active pieces. The black rooks are badly placed.} f6 (19... Qe7 $16 {is a better defense.} 20. Qe3 b6 21. Bxb6 Re8) 20. Qe3 {[%emt 0:03:07] Bb6 is the strong threat.} Qe7 21. Qc3 Qb4 22. Bb6 Re8 23. Rfe1 ({White should play} 23. Qc2 $18) 23... Kf7 $2 (23... Qxc3 $16 24. dxc3 Re7) 24. Rxe8 Kxe8 25. Re1+ (25. Qd3 $142) 25... Kf7 26. Qe3 (26. Qd3 $142 {[%cal Od5d6] Hoping for d6!} g6 27. h3) 26... Qe7 27. Bc7 Qxe3 (27... d6 $142) 28. Rxe3 {[%emt 0:01:00] Threatens to win with d6.} (28. fxe3 Bb4 $14) 28... Bc5 29. Re2 d6 30. Re8 b6 (30... Bb4 {was called for.} 31. Rd8 h6) 31. Bc6 {[%emt 0:00:25] White is clearly winning.} g6 (31... b5 $142 32. Rd8 (32. Bxa8 Kxe8 33. Bc6+ Bd7 $15) (32. Bxb5 Bb7 $16) 32... Bb7) 32. Rd8 Ke7 33. Bxa8 Kf7 34. Bc6 {Weighted Error Value: White=0.43/Black=0.56} 1-0

[Event "Cabo Verde Open 2022"]
[Site "Mindelo-S. Vicente"]
[Date "2022.04.25"]
[Round "4.7"]
[White "Pereira, Eder Marcio"]
[Black "Lesbros, Bernard"]
[Result "0-1"]
[ECO "A45"]
[WhiteElo "1728"]
[BlackElo "1865"]
[Annotator "NA RC COMBH"]
[PlyCount "121"]
[EventDate "2022.04.22"]
[EventType "swiss"]
[SourceTitle "playchess.com"]
[Source "ChessBase"]
[SourceQuality "1"]
[TimeControl "40/5400+30:1800+30"]

1. d4 Nf6 2. Bf4 c5 3. e3 Qb6 4. Nc3 a6 5. a3 e6 6. Be2 d5 7. Nf3 Bd7 8. Rb1 cxd4 9. exd4 Bd6 10. Qd2 Qc7 11. Bxd6 Qxd6 12. O-O Nc6 13. Qg5 Qf8 (13... O-O $11) 14. Bd3 h6 15. Qf4 Qe7 16. Rfe1 g5 ({Better is} 16... O-O $14) 17. Qe3 ({Don't do} 17. Qc7 b5 $14) 17... Ng4 18. Qe2 Qd6 19. Ne5 ({White should play} 19. g3 $16) 19... Ngxe5 (19... h5 $5 20. Qd2 O-O-O $11) 20. dxe5 Qc7 21. b4 Rc8 (21... Nd4 $5 22. Qd2 Rc8 $15) 22. Nd1 (22. Qf3 $11) 22... Nd4 23. Qd2 Bb5 (23... Nxc2 $2 24. Rc1 $18) 24. Bxb5+ ({White should try} 24. c3 $15 Bxd3 25. Qxd3) 24... Nxb5 25. a4 {[%emt 0:01:19] [#]} Na3 (25... Nc3 $1 $17 26. Rc1 Nxa4) 26. Rc1 Nc4 (26... Nxc2 $2 27. Re2 $18 (27. Ne3 Qxe5 28. Rxc2 Rxc2 $18)) (26... a5 $5) 27. Qd4 Qb6 28. c3 {[%emt 0:01:59] [#]} Qc6 ({Better is} 28... Qxd4 $1 $17 29. cxd4 Ke7) 29. a5 Na3 (29... b6 $11) 30. f4 Nb5 (30... Qc4 $5 31. Qb6 Qxf4 32. Qxb7 O-O $11) 31. Qd3 {[%emt 0:01:46] [#]} (31. Qd2 $14 {stays ahead.}) 31... Qc4 $1 32. Qxc4 Rxc4 33. fxg5 ({White should play} 33. Nb2 Rxc3 34. Na4 Rxc1 35. Rxc1) 33... hxg5 34. Re3 d4 35. Rg3 Ke7 36. Nb2 Rxc3 37. Rgxc3 dxc3 38. Nd3 (38. Na4 {was forced.}) 38... Rh4 39. h3 Rd4 40. Nc5 Rd2 (40... Rxb4 $142 41. Kf2 Rb2+ 42. Kf1 Rd2) 41. Ne4 Rb2 42. Nxc3 Nxc3 ({Worse is} 42... Rxb4 43. Rb1 Rxb1+ 44. Nxb1 $17) 43. Rxc3 Rxb4 44. Rc7+ (44. Rg3 {was the only chance.}) 44... Kf8 45. Kf2 Rb5 46. Kf3 Rxe5 ({Not} 46... Rxa5 $2 47. Rxb7 Rxe5 48. g3 $19) 47. Rxb7 Rxa5 48. Kg4 Kg7 49. g3 (49. Kh5 {was the only defense.}) 49... Kg6 50. Kf3 f5 51. Re7 Kf6 52. Ra7 Ra3+ 53. Kg2 a5 54. h4 gxh4 55. gxh4 a4 56. h5 Ra2+ (56... Kg5 $142 57. Ra6 Kxh5 58. Rxe6 Kg4 59. Rg6+ Kf4) 57. Kh1 Kg5 58. h6 Kxh6 59. Ra6 Re2 60. Rxa4 Kg5 61. Kg1 0-1

[Event "Cabo Verde Open 2022"]
[Site "Mindelo-S. Vicente"]
[Date "2022.04.26"]
[Round "5.1"]
[White "Strikovic, Aleksa"]
[Black "Ortega Amarelle, Mariano"]
[Result "1/2-1/2"]
[ECO "B14"]
[WhiteElo "2489"]
[BlackElo "2476"]
[Annotator "TA"]
[PlyCount "74"]
[EventDate "2022.04.22"]
[EventType "swiss"]
[SourceTitle "playchess.com"]
[Source "ChessBase"]
[SourceQuality "1"]
[TimeControl "40/5400+30:1800+30"]

1. c4 c6 2. e4 d5 3. exd5 cxd5 4. d4 Nf6 5. Nc3 g6 6. cxd5 Nxd5 7. Qb3 Nb6 8. Bb5+ {[%emt 0:05:58] 8.Nf3 might become the main line.} Bd7 9. a4 Bg7 {[%emt 0:00:53] B14: Caro-Kann: Panov-Botvinnik Attack with 5...e6 and 5...g6.} 10. Nf3 O-O 11. Bxd7 $1 N8xd7 12. a5 Nc8 {[%emt 0:00:09] [#]} 13. O-O $146 ({Predecessor:} 13. Qxb7 Nd6 14. Qa6 Nb8 15. Qe2 Nc6 16. a6 Nxd4 17. Nxd4 Bxd4 18. O-O Re8 19. Rd1 Bxc3 20. bxc3 {½-½ (57) Daghli,A (2328)-Kasparov,S (2472) Amol 2018}) 13... b6 14. a6 e6 15. Bg5 Ne7 16. Rfe1 {[%emt 0:03:33][%cal Oc3d5] Black must now prevent Nd5!} h6 17. Bh4 (17. Bxe7 $14 Qxe7 18. Nb5) 17... g5 18. Bg3 Nf6 19. Be5 Nfd5 20. Bxg7 (20. h4 $5 ) 20... Kxg7 21. h4 Nxc3 22. bxc3 Ng6 23. hxg5 hxg5 24. Qb5 g4 25. Ne5 {[%emt 0:02:26] aiming for Re4.} Qh4 $132 {[%emt 0:00:26][%mdl 2048] [#] ( -> ...Rh8). Black is fighting back} 26. Nxg6 {[%emt 0:01:25] Active counter play!} Kxg6 27. Qd3+ Kg7 28. g3 Qh3 29. Qf1 (29. Qe4 {feels hotter.} Rh8 30. Qg2 Rad8 31. Re5) 29... Qxf1+ (29... Rh8 {is interesting.} 30. Qg2 Rad8 31. Re5 Rd7) 30. Kxf1 $11 {[%emt 0:00:09][%mdl 4096] Endgame KRR-KRR} Rac8 31. Ra3 Kf6 32. Re4 {[%emt 0:01:20] The position is equal.} Kf5 33. Re5+ Kf6 34. Ke2 Rc4 35. Re4 Kg5 36. Re5+ Kf6 37. Re4 Kg5 {[%emt 0:00:00] Weighted Error Value: White=0.07 (flawless) /Black=0.06 (flawless)} 1/2-1/2

[Event "Cabo Verde Open 2022"]
[Site "Mindelo-S. Vicente"]
[Date "2022.04.25"]
[Round "5.2"]
[White "Fernandes, Antonio"]
[Black "Galego, Luis"]
[Result "1/2-1/2"]
[ECO "A55"]
[WhiteElo "2313"]
[BlackElo "2474"]
[Annotator "TA"]
[PlyCount "34"]
[EventDate "2022.04.22"]
[EventType "swiss"]
[SourceTitle "playchess.com"]
[Source "ChessBase"]
[SourceQuality "1"]
[TimeControl "40/5400+30:1800+30"]

1. Nf3 Nf6 2. g3 d6 3. d4 Nbd7 4. Bg2 e5 5. O-O Be7 6. c4 O-O 7. Nc3 c6 8. e4 a6 9. b3 b5 {[%emt 0:00:34] A55: Old Indian Defence with Nf3 and e4.} 10. Re1 Bb7 11. Bb2 {[%emt 0:02:09] [#]} {Predecessor:} Qb8 $146 12. Qc2 Re8 13. a4 bxc4 14. bxc4 Bd8 15. a5 Qa7 16. Red1 Bc7 17. h3 Rab8 {1-0 (43) Fominyh,A (2497)-Karayev,A (2261) Tomsk 2008} 1/2-1/2